 Dungeon Crawl Stone Soup version 0.29-a0-319-gad05b8d819 (webtiles) character file.

Game seed: 17321709645396373992

58 Morbidden the Skirmisher (level 3, -1/29 HPs)
             Began as a Demonspawn Fighter on Apr 2, 2022.
             Slain by a gnoll
             ... wielding a +0 halberd
              (10 damage)
             ... on level 2 of the Dungeon.
             The game lasted 00:00:56 (837 turns).

Morbidden the Skirmisher (Demonspawn Fighter)        Turns: 837, Time: 00:00:57

Health: -1/29      AC:  9    Str: 16    XL:     3   Next: 76%
Magic:  4/4        EV:  6    Int: 11    God:
Gold:   74         SH:  4    Dex: 12    Spells: 4/4 levels left

rFire   . . .      SeeInvis .   a - +0 war axe
rCold   . . .      Faith    .   c - +0 buckler
rNeg    . . .      Spirit   .   e - +0 chain mail
rPois   .          Reflect  .   (no helmet)
rElec   .          Harm     .   (no cloak)
rCorr   .          Rampage  .   (no gloves)
Will    .....                   (no boots)
Stlth   ..........              (no amulet)
HPRegen 0.09/turn               (no ring)
MPRegen 0.09/turn               (no ring)

@: no status effects
A: foul stench 1
a: no special abilities


You were on level 2 of the Dungeon.
You visited 1 branch of the dungeon, and saw 2 of its levels.

You collected 74 gold pieces.

Inventory:

Hand Weapons
 a - a +0 war axe (weapon)
Missiles
 b - 3 javelins (quivered)
Armour
 c - a +0 buckler (worn)
 e - a +0 chain mail (worn)
Scrolls
 f - 4 scrolls of identify {unknown}
 g - 3 scrolls of teleportation {unknown}
 i - 3 scrolls of brand weapon {unknown}
 k - a scroll of magic mapping {unknown}
Potions
 d - a potion of might
 h - a potion of magic {unknown}
 j - a potion of haste {unknown}


   Skills:
 * Level 3.2 Fighting
 * Level 2.6 Axes
 + Level 3.0 Armour
 * Level 0.8 Dodging
 + Level 2.8 Shields
 * Level 1.1 Spellcasting


You had 4 spell levels left.
You didn't know any spells.
Your spell library was empty.

Dungeon Overview and Level Annotations

Branches:
Dungeon (2/15)

Altars:


Innate Abilities, Weirdness & Mutations

You may rarely emit foul miasma when damaged in melee.


Message History

The gnoll is moderately wounded.
You miss the goblin.
The gnoll hits you from afar with a +0 halberd.
The gnoll hits you with a +0 flail.
You emit a cloud of foul miasma!
The goblin barely misses you.
A goblin comes into view. It is wielding a +0 club.
You barely miss the gnoll.
The gnoll is moderately wounded.
You closely miss the goblin. You block the gnoll's attack.
The goblin hits you with a +0 dagger.
The gnoll is engulfed in dark miasma.
The gnoll is poisoned.
You kill the gnoll!
The gnoll hits you but does no damage. The goblin hits you but does no damage.
You are too injured to fight recklessly!
You are too injured to fight recklessly!
Unknown command.
You are too injured to fight recklessly!
Unknown command.
You are too injured to fight recklessly!
You are too injured to fight recklessly!
You closely miss the goblin. The goblin barely misses you.
The gnoll hits you from afar with a +0 halberd.
Unknown command.
You closely miss the goblin. The goblin hits you with a +0 dagger.
The gnoll completely misses you.
You miss the goblin.
The gnoll hits you from afar with a +0 halberd.
The goblin closely misses you. The goblin hits you but does no damage.
The gnoll barely misses you.
Unknown command.
You barely miss the goblin. The goblin hits you but does no damage.
The gnoll hits you from afar with a +0 halberd.
* * * LOW HITPOINT WARNING * * *
Unknown command.
Unknown command.
You barely miss the goblin. The goblin hits you but does no damage.
You miss the goblin. The gnoll closely misses you.
The goblin hits you but does no damage. The goblin barely misses you.
The gnoll hits you from afar with a +0 halberd!
You die...

#.....#
######...).#
#..........#
#..........#
#.......)..#
####'###...)#
#.†..#
#....#####
###)####
####.<....
#.@.# #......
#g#######
#.[....
#g))b..!#
##+####
###gg...#
.....# .....#
.......
.......
.......


You could see a gnoll and a goblin.

Vanquished Creatures
  3 gnolls (D:2)
  2 ball pythons
  An endoplasm (D:1)
  A giant cockroach (D:1)
  4 hobgoblins
  3 kobolds
  A quokka (D:2)
  A bat (D:1)
  4 frilled lizards
  4 goblins
  6 rats
30 creatures vanquished.

Notes
Turn   | Place    | Note
-------+----------+-------------------------------------------
     0 | D:1      | Morbidden the Demonspawn Fighter began the quest for the
                  | Orb.
     0 | D:1      | Reached XP level 1. HP: 18/18 MP: 1/1
   110 | D:1      | Gained mutation: You may rarely emit foul miasma when
                  | damaged in melee. [demonic ancestry]
   110 | D:1      | Reached XP level 2. HP: 21/24 MP: 2/2
   286 | D:1      | Found a faded altar of an unknown god.
   286 | D:1      | Noticed a reaper
   762 | D:2      | Reached skill level 1 in Spellcasting
   762 | D:2      | Reached XP level 3. HP: 25/29 MP: 2/4
   837 | D:2      | Slain by a gnoll

Illustrated notes

Levels and vault maps discovered:
D:1:      pf_arrival_petrified_forest, layout_rooms,
          dreamdust_ecumenical_altar_sealed_demon, chequers_jeans
D:2:      layout_basic

Skill      XL: |  1  2 |
---------------+-------+-----
Axes           | 2 |  2.6
Armour         | 3 |  3.0
Spellcasting   | 1 |  1.1
Fighting       | |  3.2
Dodging        | |  0.8
Shields        | |  2.8

Action                   || total
-------------------------++-------
Melee: War axe           ||    79
Throw: Javelin           ||     3
Armor: Scale mail        ||    22
       Chain mail        ||    33
Dodge: Dodged            ||    36
Block: Buckler           ||    20

Table legend: (Time is in decaauts)
 A = Elapsed time spent in this place.
 B = Non-inter-level travel time spent in this place.
 C = Inter-level travel time spent in this place.
 D = Time resting spent in this place.
 E = Time spent auto-exploring this place.
 F = Levels seen in this place.
 G = Mean time per level.
                   A        B        C        D        E       F      G
               +--------+--------+--------+--------+--------+-----+--------+
         Total |    872 |    853 |     19 |      0 |    642 |   2 |  436.0 |
       Dungeon |    872 |    853 |     19 |      0 |    642 |   2 |  436.0 |
               +--------+--------+--------+--------+--------+-----+--------+

Top non-repeatable levels by time:
     D:1: 636 daAuts
     D:2: 236 daAuts
